 Dungeon Crawl Stone Soup version 0.19.5 (webtiles) character file.

46 Scud the Vandal (level 3, -2/24 HPs)
             Began as a Halfling Hunter on Mar 14, 2017.
             Was an Initiate of Gozag.
             Slain by an iguana (13 damage)
             ... on level 4 of the Dungeon.
             The game lasted 00:21:54 (1384 turns).

Scud the Vandal (Halfling Hunter)                   Turns: 1384, Time: 00:21:55

Health: -2/24      AC:  4    Str: 13    XL:     3   Next: 95%
Magic:  3/3        EV: 15    Int:  9    God:    Gozag
Gold:   69         SH:  0    Dex: 15    Spells: 0 memorised, 2 levels left

rFire  . . .     SeeInvis .     j - -3 dagger (curse)
rCold  . . .     Gourm    .     c - +0 leather armour
rNeg   . . .     Faith    .     (shield restricted)
rPois  .         Spirit   .     (no helmet)
rElec  .         Reflect  .     (no cloak)
rCorr  .         Harm     .     i - +0 pair of gloves
MR     .....     Clarity  +     (no boots)
Stlth  ++........               (no amulet)
                                (no ring)
                                (no ring)

@: no status effects
A: clarity, mutation resistance 1
a: Potion Petition, Call Merchant, Bribe Branch, Renounce Religion


You were on level 4 of the Dungeon.
You worshipped Gozag.
Gozag was noncommittal.
You were not hungry.

You visited 2 branches of the dungeon, and saw 5 of its levels.

You collected 145 gold pieces.
You paid 76 gold pieces to Gozag.

Inventory:

Hand Weapons
 a - a +1 hunting sling
 b - a +0 short sword
 j - a cursed -3 dagger (weapon)
Missiles
 d - 16 sling bullets
 h - 64 stones (quivered)
Armour
 c - a +0 leather armour (worn)
 i - a +0 pair of gloves (worn)
Potions
 e - a potion of curing
Comestibles
 f - a bread ration


   Skills:
 - Level 1.9 Fighting
 + Level 1.0 Short Blades
 + Level 7.1 Slings
 + Level 0.2 Armour
 + Level 2.5 Dodging
 + Level 1.1 Stealth


You had 2 spell levels left.
You didn't know any spells.

Dungeon Overview and Level Annotations

Branches:
Dungeon (4/15)             Temple (1/1) D:4

Altars:
Ashenzari
Dithmenos
Elyvilon
Gozag
Hepliaklqana
Kikubaaqudgha
Makhleb
Nemelex Xobeh
Okawaru
Qazlal
Ru
Sif Muna
Trog
Vehumet
Yredelemnul
The Shining One


Innate Abilities, Weirdness & Mutations

You are small and have problems with some larger weapons.
You are somewhat resistant to further mutation.
You possess an exceptional clarity of mind.


Message History

You hit the iguana.
The iguana is lightly wounded.
The iguana barely misses you.
You hit the iguana but do no damage.
The iguana is lightly wounded.
You hit the iguana but do no damage.
The iguana is lightly wounded.
The iguana closely misses you.
You hit the iguana.
The iguana is lightly wounded.
The iguana closely misses you.
You hit the iguana but do no damage.
The iguana is lightly wounded.
The iguana closely misses you.
You hit the iguana but do no damage.
The iguana is lightly wounded.
The iguana bites you!
Ouch! That really hurt!
You die...
Your body crumbles into a pile of gold.

## #.....#
#.###......
..####....###..
###....
....###....#..#
###..
......##.....#
###
...(........##
.......%....# $
#..........##
##.........#
##....@...#
###(..l.##
##....# ##%....
#.[....
..####... .##
##. #


You could see an iguana.

Vanquished Creatures
  A hound zombie (D:4)
  A dart slug (D:1)
  A leopard gecko (D:1)
  An orc (D:4)
  A ball python (D:1)
  5 goblins (D:1)
  6 hobgoblins
  A quokka (D:3)
  2 bats (D:1)
  2 frilled lizards (D:1)
  A kobold (D:1)
  3 rats (D:1)
25 creatures vanquished.

Notes
Turn   | Place    | Note
-------+----------+-------------------------------------------
     0 | D:1      | Scud the Halfling Hunter began the quest for the Orb.
     0 | D:1      | Reached XP level 1. HP: 14/14 MP: 1/1
    60 | D:1      | Reached skill level 6 in Slings
   119 | D:1      | Reached XP level 2. HP: 19/19 MP: 2/2
   343 | D:1      | Reached XP level 3. HP: 23/24 MP: 3/3
   382 | D:1      | Gained mutation: You possess an exceptional clarity of mind. [potion of mutation]
   610 | D:2      | You fall through a shaft for 2 floors!
   677 | D:4      | Reached skill level 7 in Slings
   681 | D:4      | Found a staircase to the Ecumenical Temple.
  1054 | Temple   | Entered the Ecumenical Temple
  1289 | Temple   | Became a worshipper of Gozag Ym Sagoz the Greedy
  1321 | D:4      | Reached skill level 1 in Short Blades
  1384 | D:4      | Slain by an iguana

Skill      XL: |  1  2  3 |
---------------+----------+-----
Slings         | 6 7 |  7.1
Short Blades   | 1 |  1.0
Fighting       | |  1.9
Armour         | |  0.2
Dodging        | |  2.5
Stealth        | |  1.1

Action                   || total
-------------------------++-------
Melee: Dagger            ||   138
 Fire: Hunting sling     ||    36
Invok: Potion Petition   ||     1
  Use: Scroll            ||     1
       Potion            ||     1
  Eat: Bread ration      ||     1
       Chunk             ||     1
Armor: Leather armour    ||    24
Dodge: Dodged            ||    99
